[Event "FISU WUMSCC Men 2024"]
[Site "Entebbe"]
[Date "2024.06.25"]
[Round "2.1"]
[White "Horak, Martin"]
[Black "Janik, Igor"]
[Result "1-0"]
[ECO "B11"]
[WhiteElo "2333"]
[BlackElo "2511"]
[Annotator "TA"]
[PlyCount "75"]
[EventDate "2024.06.24"]
[EventType "swiss"]
[EventCountry "UGA"]
[SourceTitle "playchess.com"]
[Source "ChessBase"]
[SourceQuality "1"]
[TimeControl "5400+30"]

1. e4 c6 2. Nf3 d5 3. Nc3 Bg4 4. Be2 Nf6 5. e5 Nfd7 6. d4 e6 7. Ng5 Bxe2 8. Qxe2 {[%emt 0:00:06] The position is equal.} Bb4 9. Qh5 Qe7 10. O-O (10. Nxh7 $2 Kd8 (10... Nf8 $2 11. Nf6+ gxf6 12. Qxh8 $18) 11. Bf4 g6 $17) 10... h6 11. f4 g6 12. Qh3 Na6 13. Ne2 Ba5 14. c3 Bc7 15. b4 (15. a4 $16) 15... O-O-O (15... Nb6 $14) 16. Nf3 $16 f5 17. exf6 (17. a4 $16) 17... Nxf6 ({Black should play} 17... Qxf6 $14 18. Ne5 Nab8) 18. Ne5 Rdg8 (18... Bxe5 $16 19. fxe5 Ne4) 19. a4 $18 Bd6 20. Qd3 Nc7 21. b5 ({Don't do} 21. Nxg6 Qg7 22. f5 (22. Nxh8 $2 Qxg2#) 22... Ne4 $16) 21... c5 22. Nxg6 Qg7 23. f5 (23. Nxh8 $2 Qxg2#) 23... exf5 24. Qxf5+ (24. Nxh8 $2 Qxg2#) 24... Nd7 25. Nef4 (25. Nxh8 $2 Qxg2#) 25... Bxf4 26. Nxf4 {[%emt 0:00:20] Hoping for Ba3.} cxd4 27. Ba3 {[%emt 0:04:59] cxd4 is the strong threat.} (27. Nxd5 $2 Qxg2#) 27... dxc3 {[%emt 0:05:07] [#]} 28. Rad1 {[%emt 0:05:40][%cal Oa3d6] Inhibits Qd4+. Active counter play!} (28. Nxd5 $2 Qxg2#) 28... Qg4 (28... Re8 $16) 29. Qd3 (29. Nxd5 $2 Qxg2#) 29... Ne5 30. Qxc3 Nc4 31. Rxd5 (31. Nxd5 $2 Qxg2#) 31... Nxd5 $2 {[%emt 0:03:27] Loses the game.} (31... Nxa3 $16 32. Rc5 Qg7) 32. Qxc4+ {[%emt 0:00:09] White is clearly winning.} Nc7 33. Rc1 {[%emt 0:02:08] Black is weak on the dark squares} Rh7 34. Bd6 Rgg7 35. Qe4 {[%emt 0:03:35][%cal Re4e8] [#]} Kb8 36. h3 Qc8 37. Rxc7 Rxc7 38. Qxh7 {[%emt 0:00:10] Weighted Error Value: White=0.16 (very precise) /Black=0.38.  Loses game:     	---       	Black=1      Mistake:       	White=2     	Black=4      Inaccurate:     	---       	Black=6      OK:         	White=10    	Black=10     Best:        	White=5     	Black=2} 1-0

[Event "FISU WUMSCC Men 2024"]
[Site "Entebbe"]
[Date "2024.06.25"]
[Round "2.2"]
[White "Szpar, Milosz"]
[Black "Thilakarathne, G M H"]
[Result "1-0"]
[ECO "B53"]
[WhiteElo "2497"]
[BlackElo "2356"]
[Annotator "TA"]
[PlyCount "85"]
[EventDate "2024.06.24"]
[EventType "swiss"]
[EventCountry "UGA"]
[SourceTitle "playchess.com"]
[Source "ChessBase"]
[SourceQuality "1"]
[TimeControl "5400+30"]

1. e4 c5 2. Nf3 d6 3. d4 cxd4 4. Qxd4 Nc6 5. Qe3 Nf6 6. Be2 {[%emt 0:00:09] B53: Sicilian: 2...d6: Lines with Qxd4.} g6 7. O-O Bg7 8. h3 O-O 9. Rd1 Be6 {[%emt 0:00:30] 9...Be6 is a critical line.} 10. Nc3 Nd7 11. Nd5 Rc8 12. c3 Na5 $146 ({Predecessor:} 12... a6 13. Qf4 Nde5 14. Qh4 Nxf3+ 15. Bxf3 Bd7 16. Bg5 f6 17. Be3 Ne5 18. Be2 Nc4 19. Bxc4 Rxc4 {1-0 Blomqvist,E (2537)-Wagner,D (2581) Titled Tuesday intern op 26th May blitz 2020 (1)}) 13. Bf1 ({Much worse is} 13. Qxa7 Bxd5 14. Rxd5 (14. exd5 Nc5 $17) 14... Ra8 $11) 13... a6 14. Qe2 h6 15. Bf4 b5 16. Re1 {[%emt 0:09:21] White is more active.} ({White should try} 16. a4 $14) 16... Re8 17. Rad1 Nc4 18. Bc1 Bxd5 19. Rxd5 Kh7 20. h4 e6 21. Rdd1 Qe7 22. Nd4 (22. g3 $14) 22... Ndb6 (22... Qxh4 $15 23. Rd3 Qd8) 23. g3 $11 Na4 24. Qc2 Ne5 25. Bh3 h5 26. Qe2 Rc5 27. Kg2 Qb7 28. Nb3 {[%emt 0:00:30][%csl LRc5,LRd6] [#]} Rxc3 29. bxc3 $16 Nxc3 30. Qc2 Nxd1 31. Qxd1 Nc4 32. Kg1 a5 33. Nd2 Nb6 (33... Ne5 $16 34. Nf3 Nxf3+ 35. Qxf3 b4) 34. g4 $18 hxg4 35. Qxg4 f5 $2 (35... Rh8 {is a better chance.} 36. h5 gxh5) 36. Qe2 {[%emt 0:02:07] exf5 would now be deadly.} Rf8 37. Qxb5 Qc7 38. exf5 gxf5 39. Nf3 Bf6 40. Bg5 Qc3 41. Re3 Qa1+ 42. Kg2 Nd5 43. Rxe6 1-0

[Event "FISU WUMSCC Men 2024"]
[Site "Entebbe"]
[Date "2024.06.25"]
[Round "2.3"]
[White "Alrehaili, Ahmed Abdullah S"]
[Black "Gatineau, Yovann"]
[Result "0-1"]
[ECO "C00"]
[WhiteElo "2134"]
[BlackElo "2414"]
[Annotator "RC"]
[PlyCount "72"]
[EventDate "2024.06.24"]
[EventType "swiss"]
[EventCountry "UGA"]
[SourceTitle "playchess.com"]
[Source "ChessBase"]
[SourceQuality "1"]
[TimeControl "5400+30"]

1. e4 e6 2. d3 d5 3. Qe2 Be7 4. Nf3 Nf6 5. g3 O-O 6. Bg2 b5 7. O-O c5 8. Nbd2 a5 9. exd5 exd5 10. a4 b4 11. Ne5 Re8 12. Qd1 Ra7 13. Re1 Bd6 14. Nef3 h6 15. Rxe8+ Qxe8 16. b3 Nfd7 17. d4 Nc6 18. Bb2 Nf8 19. dxc5 Bxc5 20. Ne1 Bd4 21. Bxd4 Nxd4 22. Bf1 Ba6 23. Bxa6 Rxa6 24. Ndf3 Ne2+ 25. Kf1 Nc3 26. Qd3 Rf6 27. Ng2 Ne6 28. Re1 Qc8 29. Re3 Nc5 30. Qd4 N5e4 31. Nge1 Qh3+ 32. Kg1 g5 33. Rxe4 dxe4 34. Qxf6 Ne2+ 35. Kh1 Qf1+ 36. Ng1 Qxg1# 0-1

[Event "FISU WUMSCC Men 2024"]
[Site "Entebbe"]
[Date "2024.06.25"]
[Round "2.4"]
[White "Jakab, Bela"]
[Black "Walter, Szymon"]
[Result "1/2-1/2"]
[ECO "B22"]
[WhiteElo "2390"]
[BlackElo "2313"]
[Annotator "RC"]
[PlyCount "48"]
[EventDate "2024.06.24"]
[EventType "swiss"]
[EventCountry "UGA"]
[SourceTitle "playchess.com"]
[Source "ChessBase"]
[SourceQuality "1"]
[TimeControl "5400+30"]

1. e4 c5 2. c3 d5 3. exd5 Qxd5 4. d4 cxd4 5. cxd4 e5 6. Nf3 exd4 7. Nxd4 Bc5 8. Be3 Nf6 9. Nc3 Qe5 10. Bb5+ Bd7 11. O-O O-O 12. Re1 Bxb5 13. Ndxb5 Nc6 14. Bxc5 Qxc5 15. Qd6 Qxd6 16. Nxd6 Rfd8 17. Rad1 Kf8 18. Kf1 Rd7 19. Nde4 Rxd1 20. Rxd1 Nxe4 21. Nxe4 Rd8 22. Rxd8+ Nxd8 23. Ke2 Ke7 24. g3 Nc6 1/2-1/2

[Event "FISU WUMSCC Men 2024"]
[Site "Entebbe"]
[Date "2024.06.25"]
[Round "2.5"]
[White "Musasizi, Emmanuel"]
[Black "Mladek, Richard"]
[Result "0-1"]
[ECO "B25"]
[WhiteElo "1966"]
[BlackElo "2385"]
[Annotator "RC"]
[PlyCount "104"]
[EventDate "2024.06.24"]
[EventType "swiss"]
[EventCountry "UGA"]
[SourceTitle "playchess.com"]
[Source "ChessBase"]
[SourceQuality "1"]
[TimeControl "5400+30"]

1. e4 c5 2. Nf3 d6 3. d3 g6 4. g3 Bg7 5. Bg2 Nc6 6. O-O e5 7. Nc3 Nge7 8. Nd2 O-O 9. Nc4 Be6 10. Nd5 Qd7 11. Bh6 b5 12. Nce3 Rab8 13. Bxg7 Kxg7 14. f4 exf4 15. Rxf4 Bxd5 16. Nxd5 Nxd5 17. exd5 Ne5 18. Qd2 b4 19. Raf1 a5 20. b3 f5 21. h3 Qe7 22. Qf2 Rbe8 23. a3 Nf7 24. axb4 axb4 25. d4 Qe3 26. dxc5 dxc5 27. Qxe3 Rxe3 28. g4 Nd6 29. gxf5 Rxf5 30. Rxf5 gxf5 31. Ra1 Kf6 32. Ra7 Rc3 33. Rd7 Ke5 34. Re7+ Kf4 35. Re6 Ne4 36. d6 Rxc2 37. d7 Rd2 38. Re7 Nf6 39. Bc6 c4 40. bxc4 b3 41. d8=Q Rxd8 42. Rb7 Rd1+ 43. Kf2 Rb1 44. Ke2 Ne4 45. Bxe4 Kxe4 46. Kd2 f4 47. Re7+ Kd4 48. Rxh7 Rb2+ 49. Kc1 Rc2+ 50. Kb1 f3 51. Rf7 f2 52. h4 Re2 0-1

[Event "FISU WUMSCC Men 2024"]
[Site "Entebbe"]
[Date "2024.06.25"]
[Round "2.6"]
[White "Defromont, Benjamin"]
[Black "Nyola Wasswa Mark"]
[Result "1-0"]
[ECO "B52"]
[WhiteElo "2380"]
[BlackElo "2067"]
[Annotator "RC"]
[PlyCount "65"]
[EventDate "2024.06.24"]
[EventType "swiss"]
[EventCountry "UGA"]
[SourceTitle "playchess.com"]
[Source "ChessBase"]
[SourceQuality "1"]
[TimeControl "5400+30"]

1. e4 c5 2. Nf3 d6 3. Bb5+ Bd7 4. Bxd7+ Qxd7 5. O-O Nf6 6. Re1 Nc6 7. c3 e5 8. d4 Be7 9. d5 Nd8 10. a4 O-O 11. Na3 Ne8 12. Qd3 f5 13. exf5 Rxf5 14. Nc4 Rf8 15. Nfd2 Nf6 16. Ne4 Nxe4 17. Rxe4 Qf5 18. Qe2 Qf7 19. f4 Qxd5 20. fxe5 Nc6 21. Bf4 dxe5 22. Bxe5 Rad8 23. Re1 Bf6 24. Bc7 Rc8 25. Bd6 Rfd8 26. Rd1 Qg5 27. h4 Qg6 28. h5 Qg5 29. Rg4 Qh6 30. Bf4 Rxd1+ 31. Qxd1 g5 32. hxg6 Qh5 33. gxh7+ 1-0

[Event "FISU WUMSCC Men 2024"]
[Site "Entebbe"]
[Date "2024.06.25"]
[Round "2.7"]
[White "Alharthi, Ahmed Mohammed A"]
[Black "Turcan, Richard"]
[Result "0-1"]
[ECO "A45"]
[WhiteElo "1951"]
[BlackElo "2374"]
[Annotator "RC"]
[PlyCount "82"]
[EventDate "2024.06.24"]
[EventType "swiss"]
[EventCountry "UGA"]
[SourceTitle "playchess.com"]
[Source "ChessBase"]
[SourceQuality "1"]
[TimeControl "5400+30"]

1. d4 Nf6 2. Bf4 c5 3. dxc5 Na6 4. Nc3 Nxc5 5. f3 d6 6. e4 Bd7 7. Bc4 g6 8. Nge2 Bg7 9. Qd2 Rc8 10. O-O-O Ncxe4 11. Bxf7+ Kxf7 12. fxe4 Qa5 13. Rhf1 Bg4 14. a3 Rc4 15. h3 Bxe2 16. Qxe2 Rhc8 17. e5 Rxc3 18. bxc3 Qxa3+ 19. Kd2 Qxc3+ 20. Kc1 Qa1+ 21. Kd2 Qa4 22. Qd3 Qa5+ 23. Ke2 Rc3 24. Qd4 Rxc2+ 25. Kd3 dxe5 26. Bxe5 Rc5 27. Bxf6 Qb5+ 28. Ke3 Bxf6 29. Rxf6+ exf6 30. Qd7+ Kf8 31. Qd6+ Kg7 32. Qe7+ Kh6 33. Qf8+ Kg5 34. h4+ Kg4 35. Rd4+ Kg3 36. Qd6+ Re5+ 37. Kd2 Kxg2 38. Rg4+ Kf3 39. Rd4 Qb2+ 40. Kd3 Qb3+ 41. Kd2 Re2+ 0-1

[Event "FISU WUMSCC Men 2024"]
[Site "Entebbe"]
[Date "2024.06.25"]
[Round "2.8"]
[White "El Tayaari, Najmedin Sasi"]
[Black "Alshnaiber, Yazeed"]
[Result "0-1"]
[ECO "C54"]
[WhiteElo "1787"]
[BlackElo "1831"]
[Annotator "NA RC"]
[PlyCount "136"]
[EventDate "2024.06.24"]
[EventType "swiss"]
[EventCountry "UGA"]
[SourceTitle "playchess.com"]
[Source "ChessBase"]
[SourceQuality "1"]
[TimeControl "5400+30"]

1. e4 e5 2. Nf3 Nc6 3. Bc4 Bc5 4. c3 Nf6 5. d3 a6 6. a4 d6 7. h3 h6 8. Nbd2 Ba7 9. Nf1 O-O 10. Ng3 Re8 11. O-O Ne7 12. Re1 Ng6 13. Qb3 Qe7 14. d4 Rb8 15. Be3 c5 16. Nf5 Qf8 17. Nxd6 Qxd6 18. Bxf7+ Kh7 19. Bxe8 Nxe8 20. dxc5 Qf8 21. Nd2 Bxc5 22. Bxc5 Qxc5 23. Qd5 Qe7 24. Nf3 Be6 25. Qa5 Qf6 26. Re3 Rd8 27. h4 Bg4 28. Rae1 Rd7 29. Qc5 b6 30. Qc8 Nc7 31. Nh2 Be6 32. Qb8 Qxh4 33. Qxb6 Rf7 34. Rg3 Nf4 35. Nf3 Qf6 36. Qd6 Nh5 37. Qxe5 Nxg3 38. Qxg3 Bb3 39. e5 Qf4 40. Qxf4 Rxf4 41. a5 Ne6 42. Nd2 Bd5 43. b4 Kg6 44. f3 Rf8 45. c4 Bc6 46. Ne4 Bxe4 47. fxe4 Rc8 48. Rd1 Rxc4 49. Rd6 Kf7 50. Rb6 Nc7 51. Rb7 Ke6 52. Kf2 Kxe5 53. Ke3 Rxe4+ 54. Kf3 Rc4 55. Ke2 g5 56. Kd3 Rd4+ 57. Ke2 Nd5 58. Kf2 Rxb4 59. Ra7 Ra4 60. Rxa6 h5 61. Ra8 Nb4 62. Kf3 Ra3+ 63. Ke2 Kf4 64. Rf8+ Kg4 65. Rb8 Na6 66. Rb5 Ra2+ 67. Kf1 Kf4 68. Kg1 h4 0-1

[Event "FISU WUMSCC Men 2024"]
[Site "Entebbe"]
[Date "2024.06.25"]
[Round "2.9"]
[White "Szustakowski, Antoni"]
[Black "Almuntasir, mohamed khalifah"]
[Result "1-0"]
[ECO "E01"]
[WhiteElo "2362"]
[BlackElo "1724"]
[Annotator "RC"]
[PlyCount "25"]
[EventDate "2024.06.24"]
[EventType "swiss"]
[EventCountry "UGA"]
[SourceTitle "playchess.com"]
[Source "ChessBase"]
[SourceQuality "1"]
[TimeControl "5400+30"]

1. Nf3 e6 2. g3 d5 3. Bg2 Nf6 4. O-O Bd6 5. c4 O-O 6. d4 c6 7. Nbd2 b6 8. Qc2 Bb7 9. e4 Nxe4 10. Nxe4 dxe4 11. Qxe4 Nd7 12. Qc2 c5 13. Ng5 1-0

[Event "FISU WUMSCC Men 2024"]
[Site "Entebbe"]
[Date "2024.06.25"]
[Round "2.10"]
[White "Alfaitori, Abdallah"]
[Black "Kabuye Charity Raphael"]
[Result "1-0"]
[ECO "D02"]
[WhiteElo "1947"]
[BlackElo "1761"]
[Annotator "NA RC"]
[PlyCount "111"]
[EventDate "2024.06.24"]
[EventType "swiss"]
[EventCountry "UGA"]
[SourceTitle "playchess.com"]
[Source "ChessBase"]
[SourceQuality "1"]
[TimeControl "5400+30"]

1. d4 d5 2. Nf3 Nf6 3. Bf4 e6 4. e3 c5 5. Nbd2 Bd6 6. Bxd6 Qxd6 7. dxc5 Qxc5 8. c4 Nc6 9. Be2 O-O 10. O-O d4 11. Nb3 Qb6 12. exd4 Rd8 13. Bd3 a5 14. c5 Qc7 15. Bb5 a4 16. Bxc6 $1 axb3 17. Bb5 bxa2 18. Qb3 b6 $11 19. Rfc1 bxc5 20. Rxa2 Rxa2 21. Qxa2 Qb6 22. Qc4 Bd7 23. Bxd7 Nxd7 24. dxc5 Qxc5 25. Qxc5 Nxc5 26. g3 Ne4 27. b4 g6 28. Kf1 Nd2+ 29. Nxd2 Rxd2 30. Rb1 Rd6 31. b5 Rb6 32. Ke2 Kf8 33. Kd3 Ke7 34. Kc4 Kd6 35. Kb4 Rb8 36. Rc1 Ra8 37. b6 Ra2 38. Kb5 Rb2+ 39. Ka6 Rxf2 40. b7 Ra2+ 41. Kb6 Rb2+ 42. Ka7 Ra2+ 43. Kb8 Kd7 44. Rc7+ Kd8 45. h4 Rf2 46. Rc3 Ra2 47. Rc6 Ra3 48. Rd6+ Ke7 49. Kc7 Ra7 50. Rd3 e5 51. Kc8 Rxb7 52. Kxb7 f5 53. Kc6 e4 54. Rd6 h6 55. Rxg6 e3 56. Kd5 1-0